 Dungeon Crawl Stone Soup version 0.24.0-123-gd5b16e6ec5 (webtiles) character file.

Game seed: 3293039322550077641, levelgen mode: deterministic

1771 Peloso the Blocker (level 8, 0/70 HPs)
             Began as a Minotaur Fighter on Jan 18, 2020.
             Was a Believer of Okawaru.
             Shot with a sling bullet by Joseph (14 damage)
             ... on level 7 of the Dungeon.
             The game lasted 00:15:16 (5266 turns).

Peloso the Blocker (Minotaur Fighter)               Turns: 5266, Time: 00:15:17

Health: 0/70       AC: 15    Str: 24    XL:     8   Next: 80%
Magic:  7/7        EV:  6    Int:  9    God:    Okawaru [**....]
Gold:   348        SH: 12    Dex: 14    Spells: 7/7 levels left

rFire    + . .     SeeInvis .   m - +2 hunting sling of Methroumm {flame, *Contam Int+2 Dex+3}
rCold    . . .     Gourm    .   c - +0 shield
rNeg     . . .     Faith    .   j - +0 plate armour
rPois    .         Spirit   .   (helmet restricted)
rElec    .         Reflect  .   (no cloak)
rCorr    .         Harm     .   n - +0 pair of gloves
MR       .....                  v - +0 pair of boots
Stlth    ..........             (no amulet)
HPRegen  0.21/turn              l - ring of wizardry
MPRegen  0.10/turn              r - ring of flight

@: no status effects
A: retaliatory headbutt, horns 2, clever 1, fire resistance 1, strong 1
a: Heroism, Renounce Religion, Evoke Flight


You were on level 7 of the Dungeon.
You worshipped Okawaru.
Okawaru was pleased with you.
You were very hungry.

You visited 2 branches of the dungeon, and saw 8 of its levels.

You collected 348 gold pieces.

Inventory:

Hand Weapons
 a - a +0 long sword
 m - the +2 hunting sling of Methroumm (weapon) {flame, *Contam Int+2 Dex+3}
   (You found it on level 5 of the Dungeon)

   It causes projectiles fired from it to burn those they strike, causing extra
   injury to most foes and up to half again as much damage against particularly
   susceptible opponents.
   It affects your intelligence (+2).
   It affects your dexterity (+3).
   It causes magical contamination when unequipped.
Missiles
 y - 166 stones (quivered)
Armour
 b - a +0 scale mail
 c - a +0 shield (worn)
 j - a +0 plate armour (worn)
 n - a +0 pair of gloves (worn)
 v - a +0 pair of boots (worn)
Jewellery
 l - a ring of wizardry (left hand)
 p - an uncursed ring of fire
 r - a ring of flight (right hand)
 s - an uncursed ring of flight
Wands
 o - a wand of random effects (25)
 t - a wand of acid (5)
Scrolls
 e - 3 scrolls of teleportation
 h - 8 scrolls of identify
 k - 3 scrolls of remove curse
 w - a scroll of magic mapping
Potions
 d - 3 potions of might
 g - a potion of heal wounds
 i - 2 potions of brilliance
 q - 2 potions of curing
 u - a potion of resistance
 x - a potion of berserk rage
Comestibles
 f - 11 rations


   Skills:
 + Level 6.2 Fighting
 + Level 8.4 Long Blades
 + Level 0.8 Slings
 + Level 6.7 Armour
 + Level 1.1 Dodging
 + Level 0.1 Stealth
 + Level 8.4 Shields


You had 7 spell levels left.
You didn't know any spells.
Your spell library contained the following spells:

 Spells                   Type           Power        Failure   Level  Hunger
 Summon Small Mammal      Summ           #...         99%         1    ##.....
 Call Imp                 Summ           #.......     100%        2    ###....
 Call Canine Familiar     Summ           #.......     100%        3    ####...
 Summon Guardian Golem    Hex/Summ       #.......     100%        3    ####...
 Summon Ice Beast         Ice/Summ       #.......     100%        4    #####..
 Summon Lightning Spire   Summ/Air       #.......     100%        4    #####..


Dungeon Overview and Level Annotations

Branches:
Dungeon (7/15)             Temple (1/1) D:4

Altars:
Ashenzari
Cheibriados
Dithmenos
Gozag
Kikubaaqudgha
Okawaru
Sif Muna
Trog
Uskayaw
Wu Jian
The Shining One

Annotations:
D:7 Joseph


Innate Abilities, Weirdness & Mutations

You reflexively headbutt those who attack you in melee.
You have a pair of horns on your head.
Your mind is acute. (Int +2)
Your flesh is heat resistant. (rF+)
Your muscles are strong. (Str +2)


Message History

Aim: Joseph, wielding a +0 hunting sling and wearing a +2 leather armour of cold resistance (moderately wounded)
You shoot a stone. The stone hits Joseph.
The stone burns Joseph.
Joseph is moderately wounded.
Firing (i - inventory)
y - 169 stones (quivered)
Press: ? - help, Shift-Dir - straight line, f/p - Joseph
Aim: Joseph, wielding a +0 hunting sling and wearing a +2 leather armour of cold resistance (moderately wounded)
You shoot a stone. The stone hits Joseph.
The stone burns Joseph.
Joseph is heavily wounded.
Firing (i - inventory)
y - 168 stones (quivered)
Press: ? - help, Shift-Dir - straight line, f/p - Joseph
Aim: Joseph, wielding a +0 hunting sling and wearing a +2 leather armour of cold resistance (heavily wounded)
You shoot a stone. The stone barely misses Joseph.
Joseph shoots a sling bullet.
You block the sling bullet.
Firing (i - inventory)
y - 167 stones (quivered)
Press: ? - help, Shift-Dir - straight line, f/p - Joseph
Aim: Joseph, wielding a +0 hunting sling and wearing a +2 leather armour of cold resistance (heavily wounded)
You shoot a stone. The stone hits Joseph.
The stone burns Joseph.
Joseph is heavily wounded.
Joseph shoots a sling bullet.
The sling bullet hits you!
You die...

............#.#....##
.........#####.#.....#
#.....................#
###############.#.....#
........#.#.#...#
..........[>#...#
######.....#####
#.##### #@# #.# #'# .(.
..@.. ...(... ....(..##
#....(.#. #####.#..≈


You could see Joseph.

Vanquished Creatures
  A hippogriff (D:6)
  Sigmund (D:2)
  An ice beast (D:6)
  2 ogres
  2 centaurs (D:5)
  A big kobold (D:3)
  2 bullfrogs (D:6)
  A scorpion (D:5)
  4 killer bees (D:7)
  3 crimson imps (D:5)
  A bullfrog zombie (D:6)
  An orc priest (D:4)
  A hound (D:5)
  A bullfrog skeleton (D:4)
  2 orc wizards (D:4)
  A centaur skeleton (D:5)
  3 worker ants
  5 adders
  A shadow imp (D:6)
  An ooze (D:4)
  An adder zombie (D:5)
  3 worms
  2 dart slugs
  3 leopard geckos
  15 orcs
  4 ball pythons
  8 bats
  5 giant cockroaches
  11 goblins
  5 hobgoblins
  19 jackals
  9 kobolds
  A quokka (D:6)
  8 frilled lizards
  A quokka skeleton (D:4)
  7 rats
137 creatures vanquished.

Notes
Turn   | Place    | Note
-------+----------+-------------------------------------------
     0 | D:1      | Peloso the Minotaur Fighter began the quest for the Orb.
     0 | D:1      | Reached XP level 1. HP: 19/19 MP: 0/0
   123 | D:1      | Gained mutation: Your muscles are strong. (Str +2) [potion
                  | of mutation]
   123 | D:1      | Gained mutation: Your flesh is heat resistant. (rF+)
                  | [potion of mutation]
   123 | D:1      | Gained mutation: Your mind is acute. (Int +2) [potion of
                  | mutation]
   338 | D:1      | Reached XP level 2. HP: 26/27 MP: 1/1
   798 | D:2      | Reached XP level 3. HP: 33/33 MP: 2/2
   979 | D:2      | Noticed Sigmund
  1102 | D:2      | Killed Sigmund
  1102 | D:2      | Reached skill level 5 in Shields
  1102 | D:2      | Reached XP level 4. HP: 11/41 MP: 3/3
  1102 | D:2      | Reached XP level 5. HP: 13/47 MP: 4/4
  1320 | D:2      | Found a snail-covered altar of Cheibriados.
  1325 | D:2      | Found an opulent altar of Gozag.
  1327 | D:2      | Found a shattered altar of Ashenzari.
  1673 | D:3      | Reached XP level 6. HP: 53/53 MP: 5/5
  1855 | D:3      | Reached skill level 5 in Long Blades
  2059 | D:4      | Reached skill level 1 in Dodging
  2093 | D:4      | Reached skill level 5 in Armour
  2424 | D:4      | Found a shadowy altar of Dithmenos.
  2470 | D:4      | Found a staircase to the Ecumenical Temple.
  2572 | Temple   | Entered the Ecumenical Temple
  2587 | Temple   | Became a worshipper of Warmaster Okawaru
  2701 | D:4      | Reached XP level 7. HP: 49/60 MP: 6/6
  2753 | D:4      | Reached skill level 5 in Fighting
  3007 | D:5      | Entered Level 5 of the Dungeon
  3075 | D:5      | Reached * piety under Okawaru
  3416 | D:5      | Reached XP level 8. HP: 65/69 MP: 7/7
  3451 | D:5      | Got a pitted hunting sling
  3680 | D:6      | Found a bloodstained altar of Trog.
  3804 | D:6      | Noticed a hippogriff
  3817 | D:6      | Killed a hippogriff
  3817 | D:6      | Reached ** piety under Okawaru
  3829 | D:6      | Found an ancient bone altar of Kikubaaqudgha.
  4355 | D:6      | Identified the cursed +2 hunting sling of Methroumm {flame,
                  | *Contam Int+2 Dex+3} (You found it on level 5 of the
                  | Dungeon)
  5248 | D:7      | Noticed Joseph
  5266 | D:7      | Shot with a sling bullet by Joseph

Levels and vault maps discovered:
D:1:      minmay_arrival_loop, layout_basic
D:2:      layout_rooms, minitemple, minmay_diced_spiral, uniq_sigmund
D:3:      layout_rooms, first_ration, minmay_misc_feat_tower
D:4:      layout_basic, kennysheep_mini, minmay_temple_entry_fiery
D:5:      layout_basic, kennysheep_boxes
D:6:      layout_loops_ring, lemuel_doored_altar, kiku_gazebo_pond_becter,
          minmay_between
D:7:      layout_basic, gammafunk_temple_overflow_statue,
          nicolae_ru_awakened_eye, fedhas_altar_2, uniq_crazy_yiuf_cottage,
          uniq_joseph, uniq_harold
Temple:   zaba_magenta_temple

Skill      XL: |  1  2  3  4  5  6  7  8 |
---------------+-------------------------+-----
Shields        | 4 5 6 7 8 |  8.4
Armour         | 4 5 6 |  6.7
Fighting       | 4 5 6 |  6.2
Long Blades    | 4 5 7 8 |  8.4
Dodging        | 1 |  1.1
Slings         | |  0.8
Stealth        | |  0.1

Action                   |  1- 3 |  4- 6 |  7- 9 || total
-------------------------+-------+-------+-------++-------
Melee: Long sword        |   109 |   175 |   160 ||   444
       Headbutt          |    15 |    30 |    41 ||    86
       Hunting sling     |       |       |     6 ||     6
 Fire: Hunting sling     |       |       |    33 ||    33
  Use: Potion            |     3 |     3 |     3 ||     9
       Scroll            |       |       |     7 ||     7
  Eat: Chunk             |       |     6 |     4 ||    10
       Ration            |       |       |     1 ||     1
Armor: Scale mail        |    60 |       |       ||    60
       Plate armour      |     3 |   167 |   109 ||   279
Dodge: Dodged            |    43 |    50 |    42 ||   135
Block: Shield            |    79 |   147 |   124 ||   350
       Rpst.: Long sword |    11 |    16 |     7 ||    34
